 Dungeon Crawl Stone Soup version 0.29.1-1-gd02db6906a (webtiles) character file.

Game seed: 13109891458080503623

238 Sabo the Digger (level 6, -3/37 HPs)
             Began as an Octopode Earth Elementalist on Oct 17, 2022.
             Slain by an orc wizard
             ... wielding a +4 dagger
              (5 damage)
             ... on level 4 of the Dungeon.
             The game lasted 00:19:49 (3967 turns).

Sabo the Digger (Octopode Earth Elementalist)       Turns: 3967, Time: 00:19:50

Health: -3/37      AC: -3    Str:  7    XL:     6   Next: 7%
Magic:  9/11       EV: 14    Int: 19    God:
Gold:   190        SH:  0    Dex: 20    Spells: 7/11 levels left

rFire   . . .      SeeInvis .   k - +6 whip "Qojop" {vorpal, *Corrode Dex+7 Stlth+}
rCold   . . .      Faith    .   (no shield)
rNeg    . . .      Spirit   .   (helmet restricted)
rPois   .          Reflect  .   (no amulet)
rElec   .          Harm     .   (no ring)
rCorr   .          Rampage  .   (no ring)
Will    .....                   (no ring)
Stlth   +++++.....              (no ring)
HPRegen 0.12/turn               (no ring)
MPRegen 0.12/turn               (no ring)
                                (no ring)
                                (no ring)

@: corroded
A: almost no armour, amphibious, 8 rings, camouflage 1, gelatinous body 1,
(nimble swimmer 1), tentacles
a: no special abilities


You were on level 4 of the Dungeon.
You visited 1 branch of the dungeon, and saw 4 of its levels.

You collected 190 gold pieces.

Inventory:

Hand Weapons
 c - a +0 mace
 h - a +0 falchion
 k - the +6 whip "Qojop" (weapon) {vorpal, *Corrode Dex+7 Stlth+}
   (You found it on level 2 of the Dungeon)

   It inflicts extra damage upon your enemies.
   Dex:       It affects your dexterity (+7).
   *Corrode:  It may corrode you when you take damage.
   Stlth:     It makes you more stealthy.
Missiles
 m - 4 poisoned darts (quivered)
Scrolls
 b - a scroll of enchant armour
 g - a scroll of butterflies
 o - 2 scrolls of teleportation
 p - a scroll of amnesia
Potions
 a - a potion of magic
 d - a potion of attraction {unknown}
 e - 2 potions of degeneration {unknown}
 i - a potion of brilliance {unknown}
 j - a potion of berserk rage {unknown}
 l - 3 potions of heal wounds {unknown}
 n - a potion of curing {unknown}


   Skills:
 + Level 0.8 Fighting
 + Level 0.3 Long Blades
 + Level 1.3 Maces & Flails
 + Level 2.5 Dodging
 + Level 3.8 Stealth
 + Level 3.3 Spellcasting
 + Level 1.0 Transmutations
 + Level 4.7 Earth Magic


You had 7 spell levels left.
You knew the following spells:

 Your Spells              Type           Power      Damage    Failure   Level
a - Sandblast             Erth           42%        2d11      2%          1
b - Stone Arrow           Conj/Erth      24%        3d8       17%         3

Your spell library contained the following spells:

 Spells                   Type           Power      Damage    Failure   Level
 Passwall                 Tmut/Erth      11%        N/A       7%          2
 Freeze                   Ice            12%        1d4       14%         1
 Blink                    Tloc           6%         N/A       22%         2
 Frozen Ramparts          Ice            6%         1d1       41%         3
 Lesser Beckoning         Tloc           3%         N/A       41%         3
 Petrify                  Tmut/Erth      14%        N/A       41%         4
 Hailstorm                Conj/Ice       3%         3d3       82%         4
 Manifold Assault         Tloc           3%         N/A       99%         5


Dungeon Overview and Level Annotations

Branches:
Dungeon (4/15)
 Temple: D:4-7

Altars:

Shops:
D:3 :


Innate Abilities, Weirdness & Mutations

You cannot wear most types of armour.
You are amphibious.
You can wear up to eight rings at the same time.
Your skin changes colour to match your surroundings (Stealth+).
Your rubbery body absorbs attacks. (AC +1, EV +1)
((You are camouflaged when in or above water. (Stealth+)))
You have tentacles for arms and can constrict up to eight enemies at once.


Message History

You bump into the rock wall.
The orc wizard casts a spell.
The orc wizard flickers and vanishes!
Deactivating autopickup; reactivate with Ctrl-A.
You hit the orc wizard.
You kill the orc wizard!
The orc wizard gestures at you while chanting.
You resist with some effort.
Your Maces & Flails skill increases to level 1!
You're too confused to move!
You closely miss the orc wizard.
You feel less confused. The orc wizard casts a spell at you.
The puff of flame misses you.
You hit the orc wizard but do no damage.
Your grab misses the orc wizard.
You hear some strange, mumbled words.
Something tries to affect you, but you resist.
The orc wizard closely misses you.
You hit the orc wizard. You grab the orc wizard. You squeeze the orc wizard.
The orc wizard is severely wounded.
You constrict the orc wizard. The orc wizard closely misses you.
Something hits you. The orc wizard barely misses you.
You whack the orc wizard!
You kill the orc wizard!
Something hits you.
You have reached level 6!
You hit the orc. You grab the orc.
The orc is moderately wounded.
You constrict the orc. Something hits you. The orc barely misses you.
You hit the orc. You squeeze the orc.
You kill the orc!
Something hits you.
* * * LOW HITPOINT WARNING * * *
You barely miss something. You squeeze something! Something hits you!
* * * LOW HITPOINT WARNING * * *
Your corrosive artefact corrodes you!
You closely miss something. You squeeze something. Something barely misses you.
You miss something. Something hits you.
You die...

..#.# ## ...### #. ....
## . ##### #####.#### #
.. ...# #........# #
...####.#######.###..#.#
# ..........#.....# #..#
# ................# #..#
# ........{@......# #..#
## .##+##.).......#
#..#.##. #..)#........#
#..#.... ###.#.....####
#...###. #.#.....#
#.#.###. #.#..†..#
#.#..... #.#.....#
#.####.. #o#.....#
#..###.. #.#######
##).....


There were no monsters in sight!

Vanquished Creatures
  An orc priest (D:3)
  An iguana (D:4)
  2 orc wizards (D:4)
  3 gnolls (D:3)
  An adder (D:3)
  2 worms
  4 dart slugs (D:2)
  10 orcs
  2 ball pythons (D:3)
  5 endoplasms
  2 giant cockroaches (D:1)
  5 goblins
  5 hobgoblins
  5 jackals (D:1)
  5 quokkas
  7 bats
  5 kobolds
  3 rats
68 creatures vanquished.

Notes
Turn   | Place    | Note
-------+----------+-------------------------------------------
     0 | D:1      | Sabo the Octopode Earth Elementalist began the quest for
                  | the Orb.
     0 | D:1      | Reached XP level 1. HP: 11/11 MP: 3/3
   242 | D:1      | Reached XP level 2. HP: 12/17 MP: 1/5
  1152 | D:2      | Reached XP level 3. HP: 21/21 MP: 4/6
  1535 | D:2      | Identified the +6 whip "Qojop" {vorpal, *Corrode Dex+7
                  | Stlth+}
  1917 | D:2      | Reached skill level 4 in Earth Magic
  2072 | D:3      | Reached XP level 4. HP: 27/27 MP: 4/7
  2432 | D:3      | Found Weohesup's Vocational Training.
  2941 | D:3      | Reached XP level 5. HP: 32/32 MP: 9/9
  3599 | D:3      | Learned a level 3 spell: Stone Arrow
  3956 | D:4      | Reached skill level 1 in Maces & Flails
  3963 | D:4      | Reached XP level 6. HP: 18/37 MP: 9/11
  3967 | D:4      | Slain by an orc wizard

Illustrated notes

Levels and vault maps discovered:
D:1:      minmay_arrival_checkered_box, layout_basic
D:2:      layout_rooms
D:3:      layout_basic, serial_glass, glass_columns_a, glass_columns_a,
          glass_columns_b, glass_columns_b, glass_columns_a, glass_columns_a,
          nicolae_shop_vocational
D:4:      layout_basic, kennysheep_mini_moat, grunt_decor_cap,
          dk_rats_in_the_wall

Skill      XL: |  1  2  3  4  5 |
---------------+----------------+-----
Earth Magic    | 4 |  4.7
Stealth        | 3 |  3.8
Spellcasting   | 3 |  3.3
Maces & Flails | 1 |  1.3
Fighting       | |  0.8
Long Blades    | |  0.3
Dodging        | |  2.5
Transmutations | |  1.0

Action                   |  1- 3 |  4- 6 || total
-------------------------+-------+-------++-------
Melee: Mace              |    11 |       ||    11
       Tentacles         |     6 |    11 ||    17
       Constrict         |     5 |    12 ||    17
       Unarmed           |     1 |       ||     1
       Whip              |     2 |    51 ||    53
       Falchion          |     1 |       ||     1
 Cast: Sandblast         |    41 |    14 ||    55
  Use: Scroll            |     3 |     3 ||     6
 Stab: Sleeping          |       |     4 ||     4
       Distracted        |       |     1 ||     1
Armor: Skin              |     4 |     1 ||     5
Dodge: Dodged            |    11 |    25 ||    36
